 Dungeon Crawl Stone Soup version 0.32-a0-607-g64ea0e4219 (webtiles) character file.

Game seed: 9919200115537010689

161 IndexError the Conjurer (level 5, 45/45 HPs)
             Began as an Oni Conjurer on Mar 4, 2024.
             Was a Plaything of Xom.
             Quit the game on level 3 of the Dungeon.
             The game lasted 00:03:31 (2474 turns).

IndexError the Conjurer (Oni Conjurer)              Turns: 2474, Time: 00:03:31

Health: 45/45      AC:  3    Str: 11    XL:     5   Next: 42%
Magic:  11/11      EV:  9    Int: 21    God:    Xom [..*...]
Gold:   127        SH:  0    Dex:  7    Spells: 9/12 levels left

rFire   . . .        d - +0 short sword
rCold   + . .        (no shield)
rNeg    . . .        a - +0 robe
rPois   .            (helmet restricted)
rElec   .            (no cloak)
rCorr   .            (gloves unavailable)
SInv    .            (boots unavailable)
Will    .....        (no amulet)
Stlth   +            h - ring of protection from cold {rC+, !d}
HPRegen 0.27/turn    (no ring)
MPRegen 0.12/turn

%: no passive effects
@: no status effects
A: large, unfitting armour, horns 1, tough skin 1, double potion healing,
drunken brawling
a: Renounce Religion


You were on level 3 of the Dungeon.
You worshipped Xom.
You were a toy of Xom.
You visited 1 branch of the dungeon, and saw 3 of its levels.

You collected 127 gold pieces.

Inventory:

Hand Weapons
 d - a +0 short sword (weapon)
   (You took it off a kobold on level 1 of the Dungeon)
Missiles
 g - 3 curare-tipped darts
Armour
 a - a +0 robe (worn)
Jewellery
 h - a ring of protection from cold (left hand) {rC+, !d}
   (You found it on level 1 of the Dungeon)
 j - a ring of fire {rF+, rC-}
   (You found it on level 2 of the Dungeon)
Scrolls
 e - a scroll of torment {unknown}
 f - 8 scrolls of identify {unknown}
 i - a scroll of teleportation {unknown}
 k - a scroll of fear {unknown}
Potions
 b - 2 potions of magic
 c - 2 potions of curing {unknown}
 l - 2 potions of might {unknown}


   Skills:
 - Level 1.7 Dodging
 - Level 1.4 Stealth
 + Level 4.0 Spellcasting
 * Level 5.3 Conjurations


You had 9 spell levels left.
You knew the following spells:

 Your Spells              Type           Power      Damage    Failure   Level
a - Magic Dart            Conj           100%       1d8       1%          1
b - Searing Ray           Conj           52%        2d6       1%          2

Your spell library contained the following spells:

 Spells                   Type           Power      Damage    Failure   Level
 Fulminant Prism          Conj/Alch      7%         3d7       38%         4
 Iskenderun's Mystic Bla  Conj/Tloc      15%        2d5       38%         4


Dungeon Overview and Level Annotations

Branches:
Dungeon (3/15)

Altars:
Xom

Shops:
D:2 =


Innate Abilities, Weirdness & Mutations

You are too large for most types of armour.
You have a pair of small horns on your head.
You have tough skin. (AC +1)
You gain doubled healing and magic from potions.
Whenever you drink a healing potion, you attack all around you.


Message History

A gnoll is nearby!
Casting: Searing Ray (safe; 2% risk of failure)
Confirm with . or Enter, or press ? or * to list all spells.
Restarting spell: Searing Ray (safe; 2% risk of failure)
Press: ? - help, Shift-Dir - straight line, f - gnoll
Aim: a gnoll, wielding a +0 spear (82% to hit)
The searing ray hits the gnoll! (Press . to maintain the ray.)
You now have 1/9 mp.
The searing ray hits the gnoll!
Your Conjurations skill increases to level 5!
You now have 0/9 mp.
Items here: ))) †.
You see here a +0 club.
You see here a +0 pair of gloves.
Found a stone staircase leading down.
MP restored: 9
k - a scroll labelled EBAUZI KOJAZI You now have 115 gold pieces (gained 16).
There is a stone staircase leading up here.
You now have 127 gold pieces (gained 12).
Found an escape hatch in the ceiling.
There is an escape hatch in the ceiling here.
You see here a rat skeleton.
Natasha, Servant of Life and Death comes into view.
Natasha hisses angrily.
Natasha is nearby!
The magic dart hits Natasha.
You now have 8/9 mp.
The magic dart hits Natasha.
You now have 7/9 mp.
Casting: Magic Dart (safe; 1% risk of failure)
Confirm with . or Enter, or press ? or * to list all spells.
Aiming: Searing Ray (safe; 2% risk of failure)
Press: ? - help, Shift-Dir - straight line, f/p - Natasha
Aim: Natasha (heavily wounded, 74% to hit)
The searing ray hits Natasha!
Natasha screams in fury as she dies! (Press . to maintain the ray.)
You have reached level 5!
Health restored: 45 You now have 5/10 mp.
You now have 4/10 mp.
You see here the felid corpse of Natasha.
A kobold comes into view. It is wielding a +0 antimagic dagger.
The kobold shouts!
The kobold moves out of view.
MP restored: 10 The magic dart hits the kobold.
You now have 9/10 mp.
The magic dart hits the kobold but does no damage.
You now have 8/10 mp.
The magic dart hits the kobold!
You now have 7/10 mp.
You can't see any susceptible monsters within range! (Use Z to cast anyway.)
You can't see any susceptible monsters within range! (Use Z to cast anyway.)
Things that are here:
a +0 antimagic dagger; a kobold corpse; MP restored: 10
Okay, then.
Natasha, Servant of Life and Death comes into view.
Natasha hisses angrily.
Natasha is nearby!
The magic dart hits Natasha.
You now have 9/10 mp.
The magic dart hits Natasha.
You now have 8/10 mp.
Casting: Magic Dart (safe; 1% risk of failure)
Confirm with . or Enter, or press ? or * to list all spells.
Aiming: Searing Ray (safe; 2% risk of failure)
Press: ? - help, Shift-Dir - straight line, f/p - Natasha
Aim: Natasha (moderately wounded, 74% to hit)
The searing ray hits Natasha. (Press . to maintain the ray.)
You now have 6/10 mp.
The searing ray hits Natasha.
Natasha casts a spell.
You now have 5/10 mp.
The searing ray hits Natasha.
Natasha screams in pain as she dies!
The cerulean imp disappears in a puff of smoke!
Your Spellcasting skill increases to level 4!
You now have 4/11 mp.
You see here a +0 short sword.
Done exploring.
MP restored: 11 Done exploring.
Done exploring.
You see here a +0 short sword.
There is a stone staircase leading down here.
You climb downwards.
Found 2 yellow potions and a gluggy clear potion.
Found a faded altar of an unknown god.
Found an escape hatch in the ceiling.
Found a stone staircase leading up.
There is a stone staircase leading up here.
l - 2 yellow potions
There is a faded altar of an unknown god here.
This altar belongs to (a) Dithmenos, (b) Gozag or (c) Xom, but you can't tell which.
Press the corresponding letter to learn more about a god, or press enter to convert or escape to cancel.
Xom accepts your prayer! Xom welcomes you!
Xom is very intrigued!
Are you sure you want to abandon this character and quit the game? (Confirm with "yes".)

### ### ##..
..## #...#...#
#.<...<.#
#...@...#
...#.#...#!#..#
#......<......#
##..#.....#..##
#. ####### .# #
.. #


There were no monsters in sight!

Vanquished Creatures
  Natasha (twice) (D:2)
  2 adders (D:2)
  4 gnolls (D:2)
  3 dart slugs
  3 ball pythons
  4 bats
  2 endoplasms
  2 giant cockroaches (D:2)
  6 hobgoblins
  9 jackals (D:1)
  5 goblins
  3 kobolds
  5 rats
50 creatures vanquished.

Notes
Turn   | Place    | Note
-------+----------+-------------------------------------------
     0 | D:1      | IndexError the Oni Conjurer began the quest for the Orb.
     0 | D:1      | Reached XP level 1. HP: 16/16 MP: 3/3
   249 | D:1      | Reached XP level 2. HP: 24/24 MP: 2/5
   343 | D:1      | Reached skill level 4 in Conjurations
   716 | D:1      | Reached skill level 3 in Spellcasting
   716 | D:1      | Reached XP level 3. HP: 31/31 MP: 4/7
   897 | D:1      | Learned a level 2 spell: Searing Ray
  1485 | D:2      | Reached XP level 4. HP: 39/39 MP: 3/8
  1529 | D:2      | Found Kamutoiz's Jewellery Shoppe.
  1869 | D:2      | Reached skill level 5 in Conjurations
  2181 | D:2      | Noticed Natasha
  2184 | D:2      | Killed Natasha
  2185 | D:2      | Reached XP level 5. HP: 45/45 MP: 5/10
  2332 | D:2      | Noticed Natasha
  2337 | D:2      | Killed Natasha
  2338 | D:2      | Reached skill level 4 in Spellcasting
  2469 | D:3      | Found a faded altar of an unknown god.
  2473 | D:3      | Prayed at the altar of an unknown god.
  2473 | D:3      | Became a worshipper of Xom of Chaos
  2474 | D:3      | Quit the game

Illustrated notes

Levels and vault maps discovered:
D:1:      lemuel_arrival_funnel, layout_basic, serial_bayou,
          serial_bayou_pond_e, serial_bayou_pond_c, serial_bayou_pond_d,
          serial_bayou_pond_e, minmay_ruptured
D:2:      layout_loops_ring, serial_shops, shop, uniq_natasha
D:3:      layout_basic, general_overflow_altar, nemelex_dance_club_becter,
          gammafunk_temple_overflow_statue, nicolae_ecumenical_pavilion,
          minivault_19

Skill      XL: |  1  2  3  4  5 |
---------------+----------------+-----
Conjurations   | 4 5 |  5.3
Spellcasting   | 3 4 |  4.0
Dodging        | |  1.7
Stealth        | |  1.4

Action                     |  1- 3 |  4- 6 || total
---------------------------+-------+-------++-------
  Melee: Unarmed           |    10 |       ||    10
         Short sword       |    28 |       ||    28
         Headbutt          |     2 |       ||     2
   Cast: Magic Dart        |    63 |    22 ||    85
         Searing Ray       |       |     5 ||     5
 Armour: Robe              |    35 |       ||    35
  Dodge: Dodged            |    20 |     2 ||    22

Table legend: (Time is in decaauts)
 A = Elapsed time spent in this place.
 B = Non-inter-level travel time spent in this place.
 C = Inter-level travel time spent in this place.
 D = Time resting spent in this place.
 E = Time spent auto-exploring this place.
 F = Levels seen in this place.
 G = Mean time per level.
                   A        B        C        D        E       F      G
               +--------+--------+--------+--------+--------+-----+--------+
         Total |   2473 |   2294 |    179 |      0 |   2072 |   3 |  824.3 |
       Dungeon |   2473 |   2294 |    179 |      0 |   2072 |   3 |  824.3 |
               +--------+--------+--------+--------+--------+-----+--------+

Top non-repeatable levels by time:
     D:2: 1317 daAuts
     D:1: 1151 daAuts
     D:3: 4 daAuts

Levels and vault maps discovered:
D:1:      lemuel_arrival_funnel, layout_basic, serial_bayou,
          serial_bayou_pond_e, serial_bayou_pond_c, serial_bayou_pond_d,
          serial_bayou_pond_e, minmay_ruptured
D:2:      layout_loops_ring, serial_shops, shop, uniq_natasha
D:3:      layout_basic, general_overflow_altar, nemelex_dance_club_becter,
          gammafunk_temple_overflow_statue, nicolae_ecumenical_pavilion,
          minivault_19

Table legend: (Time is in decaauts)
 A = Elapsed time spent in this place.
 B = Non-inter-level travel time spent in this place.
 C = Inter-level travel time spent in this place.
 D = Time resting spent in this place.
 E = Time spent auto-exploring this place.
 F = Levels seen in this place.
 G = Mean time per level.
                   A        B        C        D        E       F      G
               +--------+--------+--------+--------+--------+-----+--------+
         Total |   2473 |   2294 |    179 |      0 |   2072 |   3 |  824.3 |
       Dungeon |   2473 |   2294 |    179 |      0 |   2072 |   3 |  824.3 |
               +--------+--------+--------+--------+--------+-----+--------+

Top non-repeatable levels by time:
     D:2: 1317 daAuts
     D:1: 1151 daAuts
     D:3: 4 daAuts

Table legend:
 A = Kills in this place as a percentage of kills in the entire game.
 B = Kills by you in this place as a percentage of kills by you in the entire game.
 C = Kills by friends in this place as a percentage of kills by friends in the entire game.
 D = Other kills in this place as a percentage of other kills in the entire game.
 E = Experience gained in this place as a percentage of experience gained in the entire game.
 F = Experience gained in this place divided by the number of levels of this place that you have seen.
                   A       B       C       D       E      F
               +-------+-------+-------+-------+-------+----------------------
         Total | 100.0 | 100.0 |   N/A |   N/A | 100.0 |  77.0
       Dungeon | 100.0 | 100.0 |   N/A |   N/A | 100.0 |  77.0
               +-------+-------+-------+-------+-------+----------------------
